[Event "Late-Titled-Tuesday-Blitz-February-06-2024"]
[Site "Chess.com"]
[Date "2024.02.06"]
[Round "3"]
[White "ybothg"]
[Black "dropstoneDP"]
[Result "0-1"]
[WhiteElo "2519"]
[BlackElo "2997"]
[TimeControl "180+1"]
[EndTime "14:29:02 PST"]
[Termination "dropstoneDP won by resignation"]

1. d4 d5 2. Nf3 Nf6 3. g3 g6 4.
Bg2 Bg7 5. O-O O-O 6. c4 dxc4 7. Ne5 Nc6 8. Nxc6 bxc6 9. Nc3 Rb8 10. h3 Nd5 11. e4 Nxc3 12. bxc3 c5 13. d5 Bxc3 14. Bh6 Re8 15. Rc1 Bd4 16. Rxc4 e5 17. Rc1 Ba6 18. Re1 Qf6 19. Rc2 c6 20. Qg4 Bd3 21. Rd2 c4 22. Rc1 Rb2 23. Bg5 Qd6 24. dxc6 Rxd2 25. Bxd2 Qxc6 26.
Qf3 Re6 27. Bg5 h6 28. Be3 Rf6 29. Qd1 Bxe3 30. fxe3 Qb6 31. Qd2 Kg7 32. Kh2 h5 33. h4 a5 34. Rc3 Qb4 35. Qc1 Rf2 36. a3 Qb2 37. Qxb2 Rxb2 38. Kh3 Rb3 39. Rc1 Rxa3 40. g4 a4 41. gxh5 gxh5 42. Bf3 Kh6 43. Rg1 Bxe4 0-1

[Event "Late-Titled-Tuesday-Blitz-February-06-2024"]
[Site "Chess.com"]
[Date "2024.02.06"]
[Round "3"]
[White "cukricek"]
[Black "Semetey"]
[Result "0-1"]
[WhiteElo "2386"]
[BlackElo "2607"]
[TimeControl "180+1"]
[EndTime "14:29:02 PST"]
[Termination "Semetey won by resignation"]

1. g3 d5 2. Nf3 Nf6 3. Bg2 Bg4 4. Ne5 Bf5 5. d4 e6 6. O-O Nbd7 7. b3 Be7 8. Bb2 O-O 9. Nd2 c5 10. e3 Rc8 11. c4 cxd4 12. exd4 Qa5 13. a3 Rfd8 14.
b4 Qa6 15. c5 Nxe5 16. dxe5 Ne4 17. Nb3 b6 18. f3 Nxc5 19. bxc5 bxc5 20. Kh1 Rb8 21. Bc3 Qc4 22. Na5 Qxc3 23. Nc6 Bf8 24. f4 d4 25. Qa4 Bc2 26. Qxa7 Ra8 27. Qb7 Re8 28. Rfc1 d3 29. Be4 Rxa3 30. Rab1 c4 31. Qd7 Rea8 32. Ne7+ Bxe7 33. Bxa8 Rxa8 34. Qxe7 d2 0-1

[Event "Late-Titled-Tuesday-Blitz-February-06-2024"]
[Site "Chess.com"]
[Date "2024.02.06"]
[Round "3"]
[White "PNEPaul"]
[Black "Chempiblinka"]
[Result "0-1"]
[WhiteElo "1873"]
[BlackElo "2352"]
[TimeControl "180+1"]
[EndTime "14:29:02 PST"]
[Termination "Chempiblinka won by resignation"]

1. e4 c5 2. Nf3 Nc6 3. d4 cxd4 4. c3 d3 5. Bxd3 g6 6. Bc4 Bg7 7. Bg5 Nf6 8. e5 Ng4 9. Bf4 O-O 10. Qe2 Qc7 11.
O-O Ngxe5 12. Nxe5 Bxe5 13. Bh6 Bg7 14. Bxg7 Kxg7 15.
Nd2 e6 16. Rae1 d5 17. Bd3 Qf4 18. g3 Qf6 19. f4 b6 20. Nf3 Bb7 21. Ng5 Rad8 22.
Qg4 h6 23. Nf3 d4 24. Nh4 dxc3 25. Bxg6 Qd4+ 26. Rf2 fxg6 27. Qxg6+ Kh8 28. Qxh6+ Kg8 29. Rxe6 Rf7 30. Qg5+ Rg7 31. Rg6 c2 32. Rxg7+ Qxg7 33. Rxc2 Rd1+ 34. Kf2 Qxg5 35. fxg5 Nd4 0-1

[Event "Late-Titled-Tuesday-Blitz-February-06-2024"]
[Site "Chess.com"]
[Date "2024.02.06"]
[Round "3"]
[White "Squirlolz"]
[Black "KaydenTroffChess"]
[Result "1-0"]
[WhiteElo "2580"]
[BlackElo "2843"]
[TimeControl "180+1"]
[EndTime "14:29:04 PST"]
[Termination "Squirlolz won by resignation"]

1. e4 c5 2. Nf3 g6 3. c3 Bg7 4. d4 cxd4 5. cxd4 d5 6. e5 Nc6 7. Bb5 Nh6 8. h3 O-O 9. O-O f6 10. Bxc6 bxc6 11. Re1 Nf7 12. Bf4 Qb6 13. Nc3 fxe5 14.
Nxe5 Nxe5 15. Bxe5 Bxe5 16. Rxe5 Qxb2 17. Qe1 Rxf2 18. Qxf2 Qxa1+ 19. Kh2 Qxc3 20. Rxe7 Bf5 21. Qh4 g5 22. Qxg5+ Bg6 23. Qf6 Qxd4 24. Qxd4 Bf7 25. Qf6 Rf8 26. Qg5+ Bg6 27. Rxa7 Rf7 28. Rxf7 Kxf7 29.
Qe5 Be4 30. a3 c5 31. a4 c4 32. a5 c3 33. Qxc3 Ke6 34. Qd4 Kd6 35. a6 Kc6 36. a7 Kb7 37. h4 h5 38. Kg3 Bg6 39.
Kf4 Be8 40. Kg5 Bf7 41. Kf6 Be8 42. Kg7 Bc6 43. Kh8 Bd7 44. g3 Bc6 45. Qc5 Bd7 46.
Kg7 d4 47. Qxd4 Bc6 48. Kh6 Bf3 49. Kg5 Ka8 50. Qb6 Bb7 51. Kf4 1-0

[Event "Late-Titled-Tuesday-Blitz-February-06-2024"]
[Site "Chess.com"]
[Date "2024.02.06"]
[Round "3"]
[White "chessisveryfun1264"]
[Black "IraZyne"]
[Result "1-0"]
[WhiteElo "2580"]
[BlackElo "2324"]
[TimeControl "180+1"]
[EndTime "14:29:04 PST"]
[Termination "chessisveryfun1264 won by resignation"]

1. e4 Nf6 2. e5 Nd5 3. d4 d6 4.
c4 Nb6 5. Nf3 Bg4 6. Be2 c6 7.
exd6 exd6 8. O-O Be7 9. b3 O-O 10. Bb2 d5 11. Nbd2 Bf6 12. Rc1 N8d7 13. h3 Bh5 14.
Ne5 Bxe2 15. Qxe2 Re8 16. f4 Nf8 17. Ndf3 g6 18. g4 Bg7 19. g5 f6 20. gxf6 Qxf6 21.
Qd2 Ne6 22. Ng5 Rad8 23. h4 Rf8 24. f5 gxf5 25. c5 Nc8 26. Kh1 f4 27. Rg1 Ne7 28. Qd3 Nf5 29. Rcf1 h6 30. Nxe6 Qxe6 31. Rg6 Qe7 32. Rxf4 Nxh4 33. Rxg7+ Qxg7 34. Rg4 Qxg4 35. Nxg4 Rf4 36. Qg3 Kh7 37. Qxh4 Rdf8 38. Qe7+ R8f7 39. Qe6 h5 40. Qh6+ Kg8 41. Qg5+ Kf8 42. Qxh5 Rf1+ 43. Kg2 Rb1 44. Bc1 Rxc1 45. Qh6+ Ke7 46. Qxc1 1-0

[Event "Late-Titled-Tuesday-Blitz-February-06-2024"]
[Site "Chess.com"]
[Date "2024.02.06"]
[Round "3"]
[White "jinxy2009"]
[Black "Payyappat"]
[Result "0-1"]
[WhiteElo "2249"]
[BlackElo "2509"]
[TimeControl "180+1"]
[EndTime "14:29:10 PST"]
[Termination "Payyappat won by resignation"]

1. e4 c6 2. d4 d5 3. e5 Bf5 4. h4 Qc7 5. h5 c5 6. c3 cxd4 7. cxd4 Nc6 8. g4 Be4 9. f3 Bxb1 10.
Rxb1 Qa5+ 11. Bd2 Qxa2 12. Bb5 e6 13. Bxc6+ bxc6 14. Qc2 Rc8 15. Ne2 c5 16. O-O Qc4 17. Qxc4 dxc4 18. Bc3 Ne7 19. dxc5 Nd5 20. Ra1 Nxc3 21.
Nxc3 Bxc5+ 22. Kg2 O-O 23. Rfd1 Rb8 24. Rd2 Rfd8 25. Rad1 Rxd2+ 26. Rxd2 Bb4 27. Kh3 Kf8 28. Rd4 Bxc3 29. bxc3 Rc8 30. Rd7 Rc5 31. Rxa7 Rxe5 32. Rc7 Re3 33. Kg3 Rxc3 34. Kf4 Rc1 35. Ke4 c3 36. Kd3 Rf1 37. Ke2 Rc1 38. Kd3 Ke8 39. Rxc3 Rxc3+ 40. Kxc3 Ke7 41. Kd4 Kf6 42. f4 e5+ 43.
fxe5+ Kg5 44. Kd5 Kxg4 45. h6 gxh6 46. Kd6 Kf5 0-1

[Event "Late-Titled-Tuesday-Blitz-February-06-2024"]
[Site "Chess.com"]
[Date "2024.02.06"]
[Round "3"]
[White "ozates"]
[Black "stasOR4ik"]
[Result "1-0"]
[WhiteElo "2613"]
[BlackElo "2412"]
[TimeControl "180+1"]
[EndTime "14:29:11 PST"]
[Termination "ozates won by checkmate"]

1. e4 c6 2. d4 d5 3. exd5 cxd5 4. c4 Nf6 5. Nc3 Nc6 6. Nf3 g6 7. cxd5 Nxd5 8. Bc4 Nxc3 9. Qb3 e6 10. bxc3 Bg7 11.
Ba3 Bd7 12. Qc2 Qa5 13. Bc5 b6 14. Bd6 Nxd4 15. Nxd4 Bxd4 16. O-O Qxc3 17. Qe2 Qxa1 18. Rxa1 Bxa1 19. h4 Rc8 20. Ba6 Rc1+ 21. Kh2 Rc6 22. Bb4 f6 23. Bb5 Be5+ 24. f4 Bxf4+ 25. g3 Be5 26.
Bxc6 Bxc6 27. Qc4 Kd7 28. Qa6 Rc8 29. Qxa7+ Rc7 30. Qxb6 Bd5 31. Kh3 Be4 32. Qb5+ Kc8 33. Qe8+ Kb7 34. Qb5+ Kc8 35. Ba5 Rb7 36. Qe8# 1-0

[Event "Late-Titled-Tuesday-Blitz-February-06-2024"]
[Site "Chess.com"]
[Date "2024.02.06"]
[Round "3"]
[White "egnfanclub"]
[Black "babero_gordo"]
[Result "0-1"]
[WhiteElo "2355"]
[BlackElo "2108"]
[TimeControl "180+1"]
[EndTime "14:29:11 PST"]
[Termination "babero_gordo won by resignation"]

1. e4 c5 2. Nc3 e6 3. f4 a6 4. Nf3 Nc6 5. g3 b5 6. Bg2 b4 7. Ne2 d6 8. d3 g6 9. O-O Bg7 10. c3 Rb8 11. d4 bxc3 12. bxc3 cxd4 13. cxd4 d5 14. exd5 exd5 15. Ne5 Nge7 16. Ba3 Bxe5 17. fxe5 O-O 18. Nf4 Be6 19. Qd2 Qb6 20. Bc5 Qb2 21.
Qxb2 Rxb2 22. Rfb1 Rfb8 23. Rxb2 Rxb2 24. a3 Nf5 25.
Nxd5 Ncxd4 26. Nf6+ Kg7 27. Be4 Ne2+ 28. Kf1 Bc4 29. Ke1 Nc3 30. Bxf5 Re2+ 31. Kf1 Ra2+ 32. Ke1 Rxa1+ 33. Kd2 Nb1+ 34. Kc2 gxf5 35. Kb2 Ra2+ 36.
Kxb1 Rxh2 37. Ne8+ Kh6 38. Nd6 Bd3+ 39. Kc1 Rc2+ 40.
Kd1 Rxc5 0-1

[Event "Late-Titled-Tuesday-Blitz-February-06-2024"]
[Site "Chess.com"]
[Date "2024.02.06"]
[Round "3"]
[White "dretch"]
[Black "Konavets"]
[Result "1-0"]
[WhiteElo "2823"]
[BlackElo "3110"]
[TimeControl "180+1"]
[EndTime "14:29:12 PST"]
[Termination "dretch won by resignation"]

1. d4 b5 2. e4 a6 3. Bd3 Bb7 4. Nf3 e6 5. O-O Be7 6. Re1 Nf6 7. e5 Nd5 8. Nbd2 d6 9. Ne4 Nd7 10. c3 dxe5 11. Nxe5 Nxe5 12. dxe5 c5 13. Qg4 Nxc3 14.
Qxg7 Qxd3 15. Qxh8+ Kd7 16. Nf6+ Kc7 17. Qxh7 Ne2+ 18.
Kh1 Qf3 19. Qg7 Qxf2 20. Bh6 Rh8 21. Rf1 Ng3+ 22. Qxg3 Qxg3 23. hxg3 Rxh6+ 24. Kg1 Bc6 25. Ng8 Bg5 26. Rxf7+ Kb6 27. Nxh6 Bxh6 28. Rf6 Be3+ 29.
Kh2 Bd5 30. Rd1 Bxa2 31. b3 Bd4 32. Rxe6+ Kc7 33. Rd3 a5 34. Ra6 a4 35. bxa4 b4 36. e6 b3 37. e7 Kd7 38. Ra7+ Ke8 39. Rf3 Bg7 40. Re3 1-0

[Event "Late-Titled-Tuesday-Blitz-February-06-2024"]
[Site "Chess.com"]
[Date "2024.02.06"]
[Round "3"]
[White "tgpgoat"]
[Black "Goryachkina"]
[Result "0-1"]
[WhiteElo "2461"]
[BlackElo "2675"]
[TimeControl "180+1"]
[EndTime "14:29:12 PST"]
[Termination "Goryachkina won by resignation"]

1. Nf3 c5 2. g3 g6 3. Bg2 Bg7 4. O-O Nf6 5. c3 O-O 6. d4 d5 7. Bf4 Nc6 8. Nbd2 cxd4 9. cxd4 Bf5 10. Nb3 Rc8 11. Rc1 Ne4 12. Nfd2 Nb4 13. Nxe4 Bxe4 14.
Bxe4 dxe4 15. a3 Nd5 16. Bd2 b6 17. Bc3 Qd7 18. Qd2 Qa4 19. Na1 Nxc3 20. bxc3 Qxa3 21. Qe3 e6 22. Qxe4 Rxc3 23. Rxc3 Qxc3 24. e3 Rc8 25. Qb7 Qc7 26. Qa6 h5 27. Nb3 Qc4 28. Qa3 a5 29. Nd2 Qc2 30. Nf3 a4 31. Qe7 b5 32.
Ng5 Qc7 33. Qb4 Qb7 34. Rb1 Bf8 35. Qb2 b4 36. g4 hxg4 37. Qe2 Be7 38. h4 Bxg5 39.
hxg5 b3 40. Qxg4 b2 41. Kh2 a3 42. Rh1 Qxh1+ 0-1

[Event "Late-Titled-Tuesday-Blitz-February-06-2024"]
[Site "Chess.com"]
[Date "2024.02.06"]
[Round "3"]
[White "maurovargas01"]
[Black "pooh2012"]
[Result "0-1"]
[WhiteElo "1902"]
[BlackElo "2531"]
[TimeControl "180+1"]
[EndTime "14:29:12 PST"]
[Termination "pooh2012 won on time"]

1. e4 e6 2. f4 d5 3. e5 c5 4. c4 Ne7 5. cxd5 Nxd5 6. Nf3 Nxf4 7. Qa4+ Nc6 8. Qxf4 Be7 9. Bb5 O-O 10. Bxc6 bxc6 11. O-O a5 12. Nc3 Ba6 13. Re1 Bd3 14.
Qg3 c4 15. Ne4 Kh8 16. b3 cxb3 17. axb3 Qd5 18. Nd6 Bg6 19. Nc4 Rfb8 20. Ba3 Rxb3 21. Ne3 Qd7 22. Bxe7 Qxe7 23. Rec1 a4 24. Rxc6 a3 25.
Qf4 h6 26. Qc4 Qb7 27. Rc7 Rb1+ 28. Rxb1 Qxb1+ 0-1

[Event "Late-Titled-Tuesday-Blitz-February-06-2024"]
[Site "Chess.com"]
[Date "2024.02.06"]
[Round "3"]
[White "ChessSwole"]
[Black "GreatOwl02"]
[Result "1-0"]
[WhiteElo "2672"]
[BlackElo "2294"]
[TimeControl "180+1"]
[EndTime "14:29:12 PST"]
[Termination "ChessSwole won on time"]

1. e4 c5 2. Nc3 d6 3. d4 cxd4 4. Qxd4 Nc6 5. Qd2 g6 6. b3 Bh6 7. f4 Nf6 8. Bb2 O-O 9. O-O-O a5 10.
a4 Nb4 11. Kb1 Be6 12. Nf3 Rc8 13. Nd4 Bg4 14. Re1 e5 15. Ndb5 Bxf4 16. Qxd6 Qxd6 17.
Nxd6 Bd2 18. Nxc8 Rxc8 19. Bc4 Bxe1 20. Rxe1 Rd8 21. h3 Be6 22. Bxe6 fxe6 23. Kc1 Nh5 24.
Nb5 Nc6 25. Rf1 Nf4 26. g3 Ne2+ 27. Kb1 Nxg3 28. Rf6 Nxe4 29. Rxe6 Nd2+ 30. Kc1 Nf3 31. Rf6 e4 32. Nd6 Ng5 33. h4 Nf3 34. Nxe4 Nxh4 35. Rf4 Nf5 36. Nf6+ Kf7 37. Nxh7 Nd4 38. Re4 Re8 39.
Ng5+ 1-0

[Event "Late-Titled-Tuesday-Blitz-February-06-2024"]
[Site "Chess.com"]
[Date "2024.02.06"]
[Round "3"]
[White "Szparu"]
[Black "HansOnTwitch"]
[Result "0-1"]
[WhiteElo "2817"]
[BlackElo "3165"]
[TimeControl "180+1"]
[EndTime "14:29:13 PST"]
[Termination "HansOnTwitch won by resignation"]

1. Nf3 d5 2. d4 Nc6 3. Bf4 Bf5 4. c3 e6 5. Nbd2 Bd6 6. e3 Nf6 7. Be2 O-O 8. O-O h6 9. a3 a5 10. b4 Ne7 11. Ne5 Ng6 12. Nxg6 Bxg6 13. Bxd6 cxd6 14. c4 axb4 15. axb4 dxc4 16. Nxc4 Ne4 17. Rxa8 Qxa8 18. Qa1 Rc8 19. f3 Qxa1 20. Rxa1 Nc3 21. Bf1 d5 22. Nd6 Rc6 23. Nxb7 Rb6 24. Nc5 Rxb4 25.
Ra8+ Kh7 26. Nd7 h5 27. Nf8+ Kh6 28. Nxg6 Kxg6 29. Ra3 Nb1 30. Bd3+ Kg5 31. f4+ Kf6 32. Bxb1 Rxb1+ 33. Kf2 h4 34. Ra8 Kf5 35. Rf8 Ke4 36. Rxf7 Rb2+ 37. Kg1 Kxe3 38. h3 Kxd4 39. Rxg7 Ke4 40.
Rg4 Kf5 41. Rxh4 d4 42. g4+ Ke4 43. Rh6 Rb6 44. f5 d3 45. Rxe6+ Rxe6 46. fxe6 d2 47. e7 d1=Q+ 48. Kf2 Qd7 0-1

[Event "Late-Titled-Tuesday-Blitz-February-06-2024"]
[Site "Chess.com"]
[Date "2024.02.06"]
[Round "3"]
[White "Mackster23"]
[Black "LiemLe"]
[Result "0-1"]
[WhiteElo "2754"]
[BlackElo "3033"]
[TimeControl "180+1"]
[EndTime "14:29:13 PST"]
[Termination "LiemLe won by resignation"]

1. e4 c5 2. Nf3 Nc6 3. d4 cxd4 4. Nxd4 e5 5. Nb5 d6 6. N1c3 a6 7. Na3 Be6 8. Nc4 Rb8 9. a4 Nf6 10. Bg5 Nb4 11. Ne3 Rc8 12. Bd3 Be7 13. Bxf6 Bxf6 14.
Ncd5 Nxd5 15. exd5 Bd7 16. O-O O-O 17. Ng4 Bg5 18. f3 Qb6+ 19. Nf2 Qxb2 20. Rb1 Qd4 21. Rxb7 Bxa4 22. Qb1 Bb5 23. Bxh7+ Kh8 24. Bd3 Bxd3 25. cxd3 Be3 26. Rb4 Qxd5 27. Rh4+ Kg8 28. d4 f5 29.
dxe5 dxe5 30. Kh1 a5 31. Rd1 Bd4 32. Nd3 Rfd8 33. Ne1 a4 34. Qxf5 a3 35. Qh7+ Kf8 36.
Qf5+ Qf7 37. Rh8+ Ke7 38. Qg5+ Qf6 39. Qxf6+ gxf6 40. Rh7+ Ke6 0-1

[Event "Late-Titled-Tuesday-Blitz-February-06-2024"]
[Site "Chess.com"]
[Date "2024.02.06"]
[Round "3"]
[White "Godzillator"]
[Black "Flawless_Fighter"]
[Result "0-1"]
[WhiteElo "2424"]
[BlackElo "2717"]
[TimeControl "180+1"]
[EndTime "14:29:13 PST"]
[Termination "Flawless_Fighter won by resignation"]

1. Nf3 d5 2. d4 Nf6 3. Bf4 Bf5 4.
c3 c6 5. e3 e6 6. Bd3 Bxd3 7.
Qxd3 Bd6 8. Bxd6 Qxd6 9. O-O Nbd7 10. Nbd2 c5 11. e4 cxd4 12. Qxd4 e5 13. Qd3 O-O 14. exd5 Qxd5 15. Qxd5 Nxd5 16. Rfe1 f6 17. Nc4 Nc5 18. Rad1 Rfd8 19. g3 b5 20. Na5 Rac8 21. Rd2 Nb6 22.
Red1 Rxd2 23. Rxd2 Kf7 24. Nh4 Ke6 25. Ng2 Nd5 26.
Ne3 Nxe3 27. fxe3 Rc7 28. Kg2 h5 29. Kf3 f5 30. h4 g6 31. Rd8 Na4 32. Rd2 Rd7 33. Rc2 Rd1 34. b3 Nc5 35. c4 bxc4 36.
Rxc4 Kd5 37. b4 Ne4 38. Rc7 Ra1 39. Rxa7 Rxa2 40. Rd7+ Ke6 0-1

[Event "Late-Titled-Tuesday-Blitz-February-06-2024"]
[Site "Chess.com"]
[Date "2024.02.06"]
[Round "3"]
[White "FredddieCroderg"]
[Black "olawsson"]
[Result "1-0"]
[WhiteElo "2390"]
[BlackElo "2163"]
[TimeControl "180+1"]
[EndTime "14:29:14 PST"]
[Termination "FredddieCroderg won on time"]

1. e4 c5 2. Nf3 a6 3. c3 e6 4. d4 d5 5. e5 Bd7 6. Bd3 Bb5 7. Bxb5+ axb5 8. O-O Nc6 9. a3 b4 10. Be3 c4 11.
Ng5 h6 12. Qh5 g6 13. Qh3 Bg7 14. Nf3 Nge7 15. Nfd2 Nf5 16. g4 Nh4 17. Qg3 h5 18. h3 hxg4 19. hxg4 g5 20. Nf3 Nxf3+ 21. Qxf3 f6 22.
exf6 Qxf6 23. Qxf6 Bxf6 24. Nd2 bxc3 25. bxc3 Kd7 26.
Nf3 Kc7 27. Rfb1 Rag8 28. Kf1 Na5 29. Ke2 Nb3 30. Ra2 Be7 31. Nd2 Na5 32. Rab2 Ra8 33. Nf3 Rhg8 34. Ne5 Bxa3 35. Rb5 Nb3 36. Rh1 Rg7 37.
Rh6 Bd6 38. Rxe6 Ra2+ 39. Kf3 Bxe5 40. Rxe5 Rf7+ 41. Kg3 Kc6 42. Rbxd5 1-0

[Event "Late-Titled-Tuesday-Blitz-February-06-2024"]
[Site "Chess.com"]
[Date "2024.02.06"]
[Round "3"]
[White "ahkashefi2800"]
[Black "lachesisQ"]
[Result "0-1"]
[WhiteElo "2527"]
[BlackElo "3073"]
[TimeControl "180+1"]
[EndTime "14:29:17 PST"]
[Termination "lachesisQ won on time"]

1. Nf3 g6 2. g3 Bg7 3. Bg2 d5 4. O-O Nf6 5. d3 O-O 6. b3 c5 7. Bb2 Nc6 8. Nbd2 Qc7 9. e4 d4 10. a4 b6 11. Nc4 e5 12. Bc1 h6 13. Bd2 Kh7 14. Ne1 Be6 15. f4 exf4 16. Bxf4 Qd7 17. Nf3 Ng4 18. Qc1 Rae8 19. Bd6 Rg8 20. Bf4 Bxc4 21.
bxc4 Ne3 22. Rf2 Ne5 23. Bxe5 Bxe5 24. a5 Bg7 25. axb6 axb6 26. Qb2 Ra8 27. e5 Rxa1+ 28. Qxa1 Qc7 29. Qa6 Re8 30. Qa4 Re7 31. Qa6 Bxe5 32. Nxe5 Rxe5 33. Be4 Kg7 34. Qa8 h5 35. Bf3 Rf5 36. Be4 Rxf2 37. Kxf2 h4 38. Bd5 hxg3+ 39. hxg3 Nxc2 0-1

[Event "Late-Titled-Tuesday-Blitz-February-06-2024"]
[Site "Chess.com"]
[Date "2024.02.06"]
[Round "3"]
[White "DanielNaroditsky"]
[Black "GMKrikor"]
[Result "1-0"]
[WhiteElo "3207"]
[BlackElo "2818"]
[TimeControl "180+1"]
[EndTime "14:29:18 PST"]
[Termination "DanielNaroditsky won on time"]

1. e4 e6 2. d4 d5 3. e5 c5 4. Nf3 Nc6 5. Bd3 cxd4 6. O-O Nge7 7. Nbd2 Ng6 8. Re1 Qc7 9. Bxg6 hxg6 10. Nb3 Bd7 11. Nbxd4 a6 12. Bf4 Be7 13. c3 Rc8 14.
Qd2 Na5 15. Bg5 Nc4 16. Qe2 Bc5 17. b3 Na5 18. h4 Nc6 19. Rad1 b5 20. Qe3 Bb6 21. Qf4 Ne7 22. Bxe7 Kxe7 23. Ng5 Rhf8 24. Rd3 Bxd4 25. cxd4 Qc2 26. Rf3 Qf5 27. Qd2 Qc2 28.
Qb4+ Ke8 29. Ree3 Qc1+ 30. Kh2 Qb1 31. Rc3 Rh8 32. Rxc8+ Bxc8 33. Rxf7 Rxh4+ 34. Kg3 1-0

[Event "Late-Titled-Tuesday-Blitz-February-06-2024"]
[Site "Chess.com"]
[Date "2024.02.06"]
[Round "3"]
[White "ChuckPhil"]
[Black "Chemim21"]
[Result "1-0"]
[WhiteElo "2493"]
[BlackElo "2233"]
[TimeControl "180+1"]
[EndTime "14:29:18 PST"]
[Termination "ChuckPhil won on time"]

1. d4 d5 2. c4 e6 3. Nf3 Nf6 4.
g3 Be7 5. Bg2 O-O 6. Nc3 b6 7.
cxd5 exd5 8. O-O a6 9. Bf4 Bb7 10. Rc1 Nbd7 11. Ne5 Bd6 12. Qb3 Bxe5 13. dxe5 Nc5 14.
Qd1 Nh5 15. Nxd5 Bxd5 16. Bxd5 Nxf4 17. Bxa8 Qxa8 18. gxf4 Qe4 19. Qd2 g5 20. f3 Qf5 21.
e4 Qxf4 22. Qxf4 gxf4 23. Rfd1 a5 24. Kg2 Re8 25. Rd5 c6 26. Rd6 Rxe5 27. Rxc6 Rg5+ 28. Kf1 Rh5 29. Rc2 Ne6 30. Rxb6 Nd4 31. Rf2 Rc5 32.
Kg2 Nc2 33. h4 Rh5 34. Kh3 Ne3 35. Rf6 Rc5 36. Rxf4 Rc1 37. Kh2 Nf1+ 38. Kh3 Ne3 39. Rf6 Kg7 40. Ra6 1-0

[Event "Late-Titled-Tuesday-Blitz-February-06-2024"]
[Site "Chess.com"]
[Date "2024.02.06"]
[Round "3"]
[White "Sacbutt"]
[Black "Canal_Showdrez"]
[Result "0-1"]
[WhiteElo "2341"]
[BlackElo "2048"]
[TimeControl "180+1"]
[EndTime "14:29:18 PST"]
[Termination "Canal_Showdrez won on time"]

1. d4 Nf6 2. Nf3 g6 3. c4 Bg7 4. Nc3 O-O 5. g3 d6 6. Bg2 c6 7.
O-O Bg4 8. Be3 Qd7 9. Qb3 b6 10. Rfd1 Bh3 11. Bh1 Ng4 12. Bf4 h6 13. a4 a5 14.
Qxb6 Ra6 15. Qb3 g5 16. Bd2 f5 17. d5 f4 18. c5 Kh8 19. cxd6 exd6 20. dxc6 Nxc6 21.
Nb5 Nxf2 22. Kxf2 fxg3+ 23. hxg3 g4 24. Bc3 gxf3 25. Bxf3 Ne5 26. Bxe5 Bxe5 27. Qe3 Qg7 28. Rg1 d5 29. Rad1 Bxb2 30. Rxd5 Re6 31. Qd3 Bg4 32. Rd7 Rxe2+ 33. Kxe2 Bxf3+ 34. Kd2 Qg5+ 35. Kc2 Qc5+ 36. Kxb2 Qb4+ 37. Kc2 Be4 0-1

[Event "Late-Titled-Tuesday-Blitz-February-06-2024"]
[Site "Chess.com"]
[Date "2024.02.06"]
[Round "3"]
[White "SaqoChess_Twitch"]
[Black "Igor_Lysyj"]
[Result "1/2-1/2"]
[WhiteElo "2645"]
[BlackElo "2883"]
[TimeControl "180+1"]
[EndTime "14:29:19 PST"]
[Termination "Game drawn by repetition"]

1. d4 d5 2. c4 e6 3. Nc3 c5 4.
Nf3 cxd4 5. Nxd4 Nf6 6. cxd5 Nxd5 7. Bd2 Be7 8. Nxd5 Qxd5 9. Bc3 O-O 10. f3 Rd8 11. e4 Qg5 12. Qc1 Qg6 13. Qc2 Bd7 14.
Bd3 Nc6 15. Nxc6 Bxc6 16. O-O Bc5+ 17. Kh1 Bd4 18. Rad1 Bxc3 19. Qxc3 Qh5 20. Be2 h6 21. Rxd8+ Rxd8 22. Rd1 Rxd1+ 23. Bxd1 Bxe4 24. Ba4 Bg6 25. h3 Qh4 26. Bc2 Qe7 27. Bxg6 fxg6 28. Qd3 Kh7 29. Qe4 b6 30. h4 Qf6 31. b3 h5 32. Kh2 a5 33. a4 Qf5 34. Qe3 e5 35. Qxb6 Qf4+ 36.
Kh3 Qc1 37. Kh2 Qf4+ 38. Kh3 Qf5+ 39. Kh2 Qf4+ 1/2-1/2

[Event "Late-Titled-Tuesday-Blitz-February-06-2024"]
[Site "Chess.com"]
[Date "2024.02.06"]
[Round "3"]
[White "Jospem"]
[Black "Siemba"]
[Result "1-0"]
[WhiteElo "3040"]
[BlackElo "2521"]
[TimeControl "180+1"]
[EndTime "14:29:19 PST"]
[Termination "Jospem won by checkmate"]

1. e4 e5 2. Nf3 Nc6 3. Nc3 Nf6 4. h3 d5 5. Bb5 Nxe4 6. O-O Nxc3 7. dxc3 Bd7 8.
Bxc6 Bxc6 9. Nxe5 Be7 10. Nxc6 bxc6 11. Be3 O-O 12. Qd3 Qd6 13. Rad1 Qg6 14. Rfe1 Bd6 15.
Re2 Rab8 16. b3 a5 17. a4 Rbe8 18. Qxg6 hxg6 19. Kf1 f6 20. Bd2 Kf7 21. Rde1 Rxe2 22. Rxe2 g5 23. Re1 c5 24. c4 dxc4 25. bxc4 Rb8 26. Bc3 Rb6 27. g3 Rb8 28. Re3 Rb1+ 29.
Re1 Rb8 30. Rd1 Rh8 31. Kg2 Re8 32. Kf3 Rh8 33. Ra1 Rxh3 34. Bxa5 f5 35. Be1 Rh2 36.
a5 g4+ 37. Ke2 Rh8 38. a6 Ra8 39. Bd2 Ke6 40. Bf4 Kd7 41. Bxd6 cxd6 42. a7 Kc6 43. Ra6+ Kc7 44. Ke3 g5 45. Kd3 Kd7 46. Kc3 Kc7 47. Kb3 f4 48. Kc3 fxg3 49. fxg3 Kb7 50. Rxd6 Rxa7 51.
Rd7+ Kb6 52. Rxa7 Kxa7 53. Kd3 Kb6 54. Ke4 Ka5 55. Kd5 Kb4 56. c3+ Kxc3 57. Kxc5 Kd3 58. Kd5 Ke3 59. c5 Kf3 60. c6 Kxg3 61. c7 Kh2 62.
c8=Q g3 63. Qh8+ Kg1 64. Qd4+ Kh2 65. Qe5 g4 66. Kd4 Kh1 67. Qh5+ Kg1 68. Qxg4 g2 69. Ke3 Kh2 70. Qh4+ Kg1 71. Kf3 Kf1 72. Qf2# 1-0

[Event "Late-Titled-Tuesday-Blitz-February-06-2024"]
[Site "Chess.com"]
[Date "2024.02.06"]
[Round "3"]
[White "DavidGavrilescu18"]
[Black "GHANDEEVAM2003"]
[Result "1/2-1/2"]
[WhiteElo "2774"]
[BlackElo "3035"]
[TimeControl "180+1"]
[EndTime "14:29:20 PST"]
[Termination "Game drawn by repetition"]

1. e4 c6 2. d4 g6 3. Nf3 Bg7 4. Bd3 d5 5. Nbd2 Bg4 6. c3 dxe4 7. Nxe4 Nf6 8. Nxf6+ exf6 9. O-O O-O 10. h3 Be6 11. Re1 Nd7 12. Bf4 b5 13. a4 a6 14. Be4 Qc8 15. axb5 axb5 16. Rxa8 Qxa8 17. Qa1 Qb7 18. Qb1 Nb6 19. Bg3 Ra8 20. Nd2 Qd7 21. Qc2 Ra2 22.
Bf3 Na4 23. Rb1 f5 24. Nb3 Bh6 25. Nc1 Bxc1 26. Qxc1 Bd5 27. Bxd5 Qxd5 28. Be5 Qd8 29. b3 Nb6 30. Ra1 Rxa1 31. Qxa1 f6 32. Bg3 g5 33. f4 Qc7 34. Qe1 gxf4 35. Qe6+ Qf7 36.
Qxf7+ Kxf7 37. Bxf4 Ke6 38. Kf2 Nd5 39. Bd2 Ne7 40. c4 bxc4 41. bxc4 Nc8 42. Ke3 Nd6 43. Kd3 Ne4 44. Bf4 Nf2+ 45. Ke3 Ne4 46. Kd3 Ng5 47. Ke3 Nf7 48. Kd3 Ng5 49. Ke3 Nf7 50. Kd3 h5 51. Ke3 Nh8 52. Bc7 Ng6 53. g3 Kd7 54. Bb8 Kc8 55. Bd6 Kd7 56. Bb8 Ke6 57. Bc7 Nf8 58.
Bf4 Ng6 59. Bc7 1/2-1/2

[Event "Late-Titled-Tuesday-Blitz-February-06-2024"]
[Site "Chess.com"]
[Date "2024.02.06"]
[Round "3"]
[White "Resignify"]
[Black "morte-negra"]
[Result "0-1"]
[WhiteElo "2329"]
[BlackElo "2019"]
[TimeControl "180+1"]
[EndTime "14:29:20 PST"]
[Termination "morte-negra won on time"]

1. e4 c5 2. Nc3 Nc6 3. g3 e6 4. Bg2 Nge7 5. d3 g6 6. Be3 b6 7. Qd2 h5 8. f4 Bg7 9. Nf3 d5 10.
Bf2 O-O 11. O-O Nd4 12. Nxd4 cxd4 13. Ne2 Nc6 14. e5 h4 15. Nxd4 Nxd4 16. Bxd4 hxg3 17. hxg3 Bh6 18. c4 Bb7 19. c5 Kg7 20. b4 Rh8 21. Rac1 Rc8 22. Qf2 b5 23. Bf3 g5 24.
f5 g4 25. f6+ Kf8 26. Bxg4 Bxc1 27. Rxc1 Ke8 28. c6 Rxc6 29. Bc5 Kd7 30. Qf3 Qg8 31. Qxd5+ Kc8 32. Qd4 Rc7 33. Kf2 Rh2+ 34. Ke3 Qg5+ 35. Qf4 Qxf4+ 36. Kxf4 Rxa2 37. d4 Bd5 38. Kg5 a5 39.
bxa5 Rxa5 40. Kh6 Ra2 0-1

[Event "Late-Titled-Tuesday-Blitz-February-06-2024"]
[Site "Chess.com"]
[Date "2024.02.06"]
[Round "3"]
[White "Rud_Makarian"]
[Black "gmjoey1"]
[Result "1-0"]
[WhiteElo "3035"]
[BlackElo "2677"]
[TimeControl "180+1"]
[EndTime "14:29:22 PST"]
[Termination "Rud_Makarian won on time"]

1. d4 Nf6 2. c4 c5 3. d5 e6 4. Nc3 exd5 5. cxd5 Bd6 6. Nf3 a6 7. g3 Qe7 8. Bg2 Bc7 9. O-O d6 10.
e4 Bg4 11. a4 Nbd7 12. h3 Bxf3 13. Qxf3 O-O 14. Qe2 Rfe8 15. Bd2 Ba5 16. Rae1 Bxc3 17. Bxc3 Nxd5 18. Bxg7 Kxg7 19. Qg4+ Kh8 20. exd5 Ne5 21. Qf5 Qf8 22. f4 Nc4 23. Qc2 b5 24. b3 Nb6 25. a5 Nd7 26. Qf5 Rad8 27. Kh2 Re7 28. Rxe7 Qxe7 29. Be4 Nf6 30. Bd3 Rg8 31. g4 Nxg4+ 32.
hxg4 Qh4+ 33. Kg2 Rxg4+ 34. Kf3 Rg3+ 35. Ke2 c4 36. bxc4 bxc4 37. Be4 c3 38. Qxf7 1-0